 Dungeon Crawl Stone Soup version 0.21.1-1-g345015f (webtiles) character file.

27 tidbits the Insei (level 3, -7/28 HPs)
             Began as a Gnoll Transmuter on Feb 10, 2018.
             Killed by divine providence
             ... invoked by an orc priest
              (13 damage)
             ... on level 2 of the Dungeon.
             The game lasted 00:00:59 (66 turns).

tidbits the Insei (Gnoll Transmuter)                  Turns: 66, Time: 00:01:00

Health: -7/28      AC:  2    Str: 12    XL:     3   Next: 10%
Magic:  8/9        EV: 14    Int: 16    God:
Gold:   0          SH:  0    Dex: 15    Spells: 9/12 levels left

rFire    . . .     SeeInvis .     - Unarmed
rCold    . . .     Gourm    .   (no shield)
rNeg     . . .     Faith    .   b - +0 robe
rPois    .         Spirit   .   (no helmet)
rElec    .         Reflect  .   (no cloak)
rCorr    .         Harm     .   (no gloves)
MR       .....                  (no boots)
Stlth    ++........             (no amulet)
HPRegen  0.09/turn              (no ring)
MPRegen  0.11/turn              (no ring)

@: appendage, flying
A: distributed training, fangs 1, horns 2, strong nose
a: End Transformation


You were on level 2 of the Dungeon.
You were not hungry.
You had grown temporary horns.
You visited 1 branch of the dungeon, and saw 2 of its levels.

Inventory:

Hand Weapons
 g - a +0 short sword
Missiles
 a - 12 arrows
Armour
 b - a +0 robe (worn)
 f - a +0 ring mail
Scrolls
 h - a scroll of noise {unknown}
Books
 c - a book of Changes

   Spells                             Type                      Level
   a - Beastly Appendage              Transmutation                1
   b - Sticks to Snakes               Transmutation                2
   c - Spider Form                    Transmutation/Poison         3
   d - Ice Form                       Ice/Transmutation            4
   e - Blade Hands                    Transmutation                5
Comestibles
 d - a ration


   Skills:
 + Level 2.5 Fighting
 + Level 0.6 Short Blades
 + Level 0.6 Long Blades
 + Level 0.6 Axes
 + Level 0.6 Maces & Flails
 + Level 0.6 Polearms
 + Level 0.6 Staves
 + Level 0.6 Slings
 + Level 0.6 Bows
 + Level 0.6 Crossbows
 + Level 0.6 Throwing
 + Level 0.6 Armour
 + Level 4.5 Dodging
 + Level 0.6 Stealth
 + Level 0.6 Shields
 + Level 6.5 Unarmed Combat
 + Level 5.0 Spellcasting
 + Level 0.4 Conjurations
 + Level 0.4 Hexes
 + Level 0.4 Charms
 + Level 0.4 Summonings
 + Level 0.4 Necromancy
 + Level 0.4 Translocations
 + Level 3.7 Transmutations
 + Level 0.4 Fire Magic
 + Level 0.4 Ice Magic
 + Level 0.4 Air Magic
 + Level 0.4 Earth Magic
 + Level 0.4 Poison Magic
 + Level 0.8 Invocations
 + Level 0.6 Evocations


You had 9 spell levels left.
You knew the following spells:

 Your Spells              Type           Power        Failure   Level  Hunger
e - Beastly Appendage     Tmut           ###...       3%          1    None
k - Sticks to Snakes      Tmut           ###.....     4%          2    #......


Dungeon Overview and Level Annotations

Branches:
Dungeon (2/15)

Altars:


Innate Abilities, Weirdness & Mutations

Your experience applies equally to all skills.
You have very sharp teeth.
Your uncanny sense of smell can sniff out nearby items.
You have a pair of horns on your head.


Message History

a short sword; a kobold corpse Unknown command.
g - a short sword A bat comes into view.
Casting: Beastly Appendage
Confirm with . or Enter, or press ? or * to list all spells.
You grow a pair of large bovine horns.
The bat hits you but does no damage. The bat barely misses you.
The bat misses you.
You punch the bat!
You kill the bat!
There is a stone staircase leading down here.
You climb downwards.
An adder, a goblin and a kobold come into view.
There is a stone staircase leading up here.
The helpless adder fails to defend itself.
You punch the adder!
You kill the adder!
A hobgoblin comes into view. It is wielding a club.
The kobold shouts!
The hobgoblin shouts!
The goblin moves out of view.
The kobold throws a stone.
The stone barely misses you.
Found a scroll labeled SOIGASYSUS.
A kobold comes into view. It is wielding a dagger.
The kobold shouts!
The kobold throws a stone.
The stone closely misses you.
You see here a scroll labeled SOIGASYSUS.
h - a scroll labeled SOIGASYSUS The kobold hits you with a short sword.
A rat comes into view.
You punch the kobold!
You kill the kobold!
You hit the goblin.
The goblin is heavily wounded.
The goblin misses you.
You hit the hobgoblin.
You kill the hobgoblin!
Your transformation is almost over.
The goblin hits you but does no damage.
A bat comes into view.
You barely miss the goblin.
The goblin is moderately wounded.
The goblin hits you.
An orc comes into view.
You see here a stone.
Casting: Beastly Appendage
Confirm with . or Enter, or press ? or * to list all spells.
You extend your transformation's duration.
The orc shouts!
The kobold hits you with a dagger.
* * * LOW HITPOINT WARNING * * *
You miss the kobold. The kobold hits you with a dagger.
* * * LOW HITPOINT WARNING * * *
A jackal comes into view.
You closely miss the kobold. The kobold closely misses you.
You hit the kobold.
You kill the kobold!
An orc priest comes into view. It is wielding a club.
It was a potion of flight.
You feel very buoyant.
You fly up into the air.
The goblin barely misses you.
The orc priest moves out of view.
You hit the goblin. Your headbutt misses the goblin.
The goblin is severely wounded.
The goblin closely misses you.
A jackal comes into view.
The jackal barks!
You hit the orc.
You kill the orc!
You have reached level 3!
Your experience leads to an increase in your attributes!
Increase (S)trength, (I)ntelligence, or (D)exterity?
You feel clever.
The jackal moves out of view.
The goblin barely misses you.
An orc comes into view. It is wielding a falchion.
You miss the goblin.
The goblin is severely wounded.
The orc moves out of view.
The goblin barely misses you.
You punch the goblin!
You kill the goblin!
You punch the jackal!
You kill the jackal!
Your Spellcasting skill increases to level 5!
You hit the rat but do no damage. Your headbutt misses the rat.
The rat misses you.
You closely miss the rat. The rat bites you.
* * * LOW HITPOINT WARNING * * *
You hit the rat.
You kill the rat!
The jackal bites you.
* * * LOW HITPOINT WARNING * * *
Unknown command.
You barely miss the jackal.
The orc priest shouts!
Your headbutt misses the jackal. The jackal bites you.
* * * LOW HITPOINT WARNING * * *
The orc priest calls down the wrath of Beogh upon you.
Beogh smites you!
You die...

# .# ###.# ####....
. #.....# #..
#..######.##..#....
#......@h.<.....#
#o#######.#...#.##
#..........
#.))..#.###
#..#....# #.......#
#.......#
#........#
#....#....


You could see an orc priest and a jackal.

Vanquished Creatures
  An adder (D:2)
  An ooze (D:1)
  An orc (D:2)
  A bat (D:1)
  A goblin (D:2)
  2 hobgoblins
  A jackal (D:2)
  4 kobolds
  A rat (D:2)
13 creatures vanquished.

Notes
Turn   | Place    | Note
-------+----------+-------------------------------------------
     0 | D:1      | tidbits the Gnoll Transmuter began the quest for the Orb.
     0 | D:1      | Reached XP level 1. HP: 17/17 MP: 6/6
    12 | D:1      | Reached XP level 2. HP: 17/23 MP: 5/7
    16 | D:1      | Learned a level 2 spell: Sticks to Snakes
    59 | D:2      | Reached XP level 3. HP: 11/28 MP: 7/9
    62 | D:2      | Reached skill level 5 in Spellcasting
    66 | D:2      | Killed from afar by an orc priest

Skill      XL: |  1  2  3 |
---------------+----------+-----
Spellcasting   | 5 |  5.0
Fighting       | |  2.5
Short Blades   | |  0.6
Long Blades    | |  0.6
Axes           | |  0.6
Maces & Flails | |  0.6
Polearms       | |  0.6
Staves         | |  0.6
Slings         | |  0.6
Bows           | |  0.6
Crossbows      | |  0.6
Throwing       | |  0.6
Armour         | |  0.6
Dodging        | |  4.5
Stealth        | |  0.6
Shields        | |  0.6
Unarmed Combat | |  6.5
Conjurations   | |  0.4
Hexes          | |  0.4
Charms         | |  0.4
Summonings     | |  0.4
Necromancy     | |  0.4
Translocations | |  0.4
Transmutations | |  3.7
Fire Magic     | |  0.4
Ice Magic      | |  0.4
Air Magic      | |  0.4
Earth Magic    | |  0.4
Poison Magic   | |  0.4
Invocations    | |  0.8
Evocations     | |  0.6

Action                   || total
-------------------------++-------
Melee: Unarmed           ||    28
       Headbutt          ||     2
 Cast: Beastly Appendage ||     3
  Use: Potion            ||     1
 Stab: Sleeping          ||     1
Armor: Robe              ||     2
Dodge: Dodged            ||    16

Table legend:
 A = Turns spent in this place as a percentage of turns spent in the entire game.
 B = Non-inter-level travel turns spent in this place as a percentage of non-inter-level travel turns spent in the entire game.
 C = Inter-level travel turns spent in this place as a percentage of turns spent in this place.
 D = Turns resting spent in this place as a percentage of non-inter-level travel turns spent in this place.
 E = Turns spent auto-exploring this place as a percentage of non-inter-level travel turns spent in this place.
 F = Non-inter-level travel turns spent in this place divided by the number of levels of this place that you've seen.
                   A       B       C       D       E      F
               +-------+-------+-------+-------+-------+----------------------
         Total | 100.0 | 100.0 |   0.0 |   0.0 |   0.0 |  33.0
       Dungeon | 100.0 | 100.0 |   0.0 |   0.0 |   0.0 |  33.0
               +-------+-------+-------+-------+-------+----------------------

Table legend:
 A = Kills in this place as a percentage of kills in entire the game.
 B = Kills by you in this place as a percentage of kills by you in the entire game.
 C = Kills by friends in this place as a percentage of kills by friends in the entire game.
 D = Other kills in this place as a percentage of other kills in the entire game.
 E = Experience gained in this place as a percentage of experience gained in the entire game.
 F = Experience gained in this place divided by the number of levels of this place that you have seen.
                   A       B       C       D       E      F
               +-------+-------+-------+-------+-------+----------------------
         Total | 100.0 | 100.0 |   N/A |   N/A | 100.0 |  19.5
       Dungeon | 100.0 | 100.0 |   N/A |   N/A | 100.0 |  19.5
               +-------+-------+-------+-------+-------+----------------------

Vault maps used:
D:1:      minmay_arrival_four_circles, tso_metal_star
D:2:      kennysheep_decorative_pillar, uniq_terence, uniq_robin, uniq_sigmund
